 Dungeon Crawl Stone Soup version 0.29.1-12-g30fa7ad0bf (webtiles) character file.

Game seed: 11923942020288563968

69 ThatPearl the Digger (level 4, -2/26 HPs)
             Began as a Gargoyle Earth Elementalist on Jan 11, 2023.
             Was a Follower of Kikubaaqudgha.
             Slain by a gnoll
             ... wielding a +2 vampiric spear
              (9 damage)
             ... on level 2 of the Dungeon.
             The game lasted 00:04:52 (1277 turns).

ThatPearl the Digger (Gargoyle Earth Elementalist)  Turns: 1277, Time: 00:04:53

Health: -2/26      AC:  7    Str: 12    XL:     4   Next: 20%
Magic:  1/8        EV: 11    Int: 17    God:    Kikubaaqudgha [*.....]
Gold:   22         SH:  0    Dex: 10    Spells: 7/8 levels left

rFire   . . .      SeeInvis .   d - +0 rapier
rCold   . . .      Faith    .   (no shield)
rNeg    + . .      Spirit   .   a - +0 robe
rPois   ∞          Reflect  .   p - +1 hat
rElec   +          Harm     .   (no cloak)
rCorr   .          Rampage  .   (no gloves)
Will    +....                   q - +0 pair of boots
Stlth   ++........              (no amulet)
HPRegen 0.08/turn               h - ring of willpower
MPRegen 0.11/turn               (no ring)

@: no status effects
A: sickness immunity, AC +3, negative energy resistance 1, electricity
resistance, torment resistance 1, petrification resistance
a: Renounce Religion, Unearth Wretches


You were on level 2 of the Dungeon.
You worshipped Kikubaaqudgha.
Kikubaaqudgha was aware of your devotion.
You visited 1 branch of the dungeon, and saw 2 of its levels.

You collected 22 gold pieces.

Inventory:

Hand Weapons
 d - a +0 rapier (weapon)
 m - a +0 sling
Armour
 a - a +0 robe (worn)
 g - a +0 pair of boots
 p - a +1 hat (worn)
 q - a +0 pair of boots (worn)
Jewellery
 h - a ring of willpower (left hand)
Scrolls
 c - a scroll of teleportation {unknown}
 i - a scroll of silence {unknown}
 l - a scroll of blinking {unknown}
 o - 3 scrolls of poison {unknown}
Potions
 b - a potion of magic
 e - 2 potions of degeneration {unknown}
 f - a potion of flight {unknown}
 j - a potion of haste {unknown}
 k - 3 potions of curing {unknown}
 n - a potion of mutation {unknown}
 r - a potion of brilliance {unknown}


   Skills:
 + Level 2.1 Fighting
 - Level 1.5 Dodging
 - Level 2.1 Stealth
 + Level 2.8 Spellcasting
 - Level 0.7 Transmutations
 + Level 4.5 Earth Magic


You had 7 spell levels left.
You knew the following spells:

 Your Spells              Type           Power      Damage    Failure   Level
a - Sandblast             Erth           34%        2d9       2%          1

Your spell library contained the following spells:

 Spells                   Type           Power      Damage    Failure   Level
 Passwall                 Tmut/Erth      9%         N/A       9%          2
 Necrotise                Necr           8%         1d4       19%         1
 Stone Arrow              Conj/Erth      20%        3d8       22%         3
 Inner Flame              Hex/Fire       2%         N/A       47%         3
 Vampiric Draining        Necr           2%         2d6       47%         3
 Petrify                  Tmut/Erth      11%        N/A       52%         4
 Anguish                  Hex/Necr       1%         N/A       87%         4
 Animate Dead             Necr           2%         N/A       87%         4
 Cause Fear               Hex            1%         N/A       87%         4
 Irradiate                Conj/Tmut      1%         3d12      99%         5
 Discord                  Hex            1%         N/A       100%        8
 Sublimation of Blood     Necr           Unusable   N/A       N/A         2

Dungeon Overview and Level Annotations

Branches:
Dungeon (2/15)

Altars:
Kikubaaqudgha

Shops:
D:1 :


Innate Abilities, Weirdness & Mutations

You are immune to sickness and miasma.
Your stone body is resilient. (AC +3)
You are immune to poison.
You resist negative energy. (rN+)
You are resistant to electric shocks. (rElec)
You are resistant to unholy torment.
You are immune to petrification.


Message History

You hit the rat.
The rat is moderately wounded.
The rat bites you but does no damage. The rat barely misses you.
The gnoll hits you from afar with a +0 spear.
Aiming: Sandblast (safe; 3% risk of failure)
Press: ? - help, Q - select action, (/) - cycle Shift-Dir - straight line, f - rat
Aim: a rat (moderately wounded, 82% to hit)
The blast of sand hits the rat!
You kill the rat!
Kikubaaqudgha accepts your kill.
The gnoll hits you from afar with a +0 spear.
Aiming: Sandblast (safe; 3% risk of failure)
Press: ? - help, Q - select action, (/) - cycle Shift-Dir - straight line, f - gnoll
Aim: a gnoll, wielding a +0 spear and wearing a +0 ring mail (87% to hit)
The blast of sand hits the gnoll.
The gnoll is moderately wounded.
The gnoll barely misses you.
The gnoll hits you from afar with a +0 spear.
Aiming: Sandblast (safe; 3% risk of failure)
Press: ? - help, Q - select action, (/) - cycle Shift-Dir - straight line, f/p - gnoll
Aim: a gnoll, wielding a +0 spear and wearing a +0 ring mail (moderately wounded, 87% to hit)
The blast of sand hits the gnoll!
You kill the gnoll!
Kikubaaqudgha accepts your kill.
Aiming: Sandblast (safe; 2% risk of failure)
Press: ? - help, Q - select action, (/) - cycle Shift-Dir - straight line, f - gnoll
Aim: a gnoll, wielding a +2 vampiric spear (84% to hit)
The blast of sand hits the gnoll!
The gnoll is severely wounded.
The gnoll barely misses you.
The gnoll hits you from afar with a +2 vampiric spear!
* * * LOW HITPOINT WARNING * * *
Aiming: Sandblast (safe; 2% risk of failure)
Press: ? - help, Q - select action, (/) - cycle Shift-Dir - straight line, f/p - gnoll
Aim: a gnoll, wielding a +2 vampiric spear (heavily wounded, 84% to hit)
The blast of sand hits the gnoll.
The gnoll is severely wounded.
The gnoll hits you from afar with a +2 vampiric spear!
You die...
Kikubaaqudgha rasps: "You have failed me!
Welcome... oblivion!"

........#...##.###....#
.....).g..............#
...............###....#
#g###..#..#######
#.†..#........
########g#.###)...#
......##...# ....#
#....)#####...#
#####g†@.# .... ####.#
### .# ##


You could see a gnoll.

Vanquished Creatures
  3 gnolls (D:2)
  2 dart slugs (D:1)
  6 ball pythons
  2 endoplasms
  A giant cockroach (D:1)
  2 goblins
  4 hobgoblins
  3 quokkas
  4 bats (D:1)
  2 frilled lizards (D:1)
  3 kobolds (D:1)
  5 rats
37 creatures vanquished.

Notes
Turn   | Place    | Note
-------+----------+-------------------------------------------
     0 | D:1      | ThatPearl the Gargoyle Earth Elementalist began the quest
                  | for the Orb.
     0 | D:1      | Reached XP level 1. HP: 10/10 MP: 3/3
   160 | D:1      | Found Fueterchyph's Book Shoppe.
   189 | D:1      | Reached XP level 2. HP: 12/16 MP: 1/5
   199 | D:1      | Reached skill level 1 in Fighting
   447 | D:1      | Reached skill level 4 in Earth Magic
   453 | D:1      | Found a faded altar of an unknown god.
   460 | D:1      | Prayed at the altar of an unknown god.
   460 | D:1      | Became a worshipper of Kikubaaqudgha
   460 | D:1      | Reached * piety under Kikubaaqudgha
   460 | D:1      | Received a gift from Kikubaaqudgha
   839 | D:1      | Reached XP level 3. HP: 20/20 MP: 2/6
  1264 | D:2      | Reached XP level 4. HP: 22/26 MP: 4/8
  1277 | D:2      | Slain by a gnoll

Illustrated notes

Levels and vault maps discovered:
D:1:      onia_arrival_mini_spirals, layout_basic, serial_shops, shop,
          hellmonk_ecumenical_altar_lost_god,
          nicolae_concentric_dashed_squares_mild, minmay_misc_feat_rows,
          minmay_split_cup_small
D:2:      layout_rooms

Skill      XL: |  1  2  3 |
---------------+----------+-----
Fighting       | 1 2 |  2.1
Earth Magic    | 4 |  4.5
Dodging        | |  1.5
Stealth        | |  2.1
Spellcasting   | |  2.8
Transmutations | |  0.7

Action                   |  1- 3 |  4- 6 || total
-------------------------+-------+-------++-------
Melee: Rapier            |    21 |     2 ||    23
 Cast: Sandblast         |    34 |     5 ||    39
Armor: Robe              |    14 |     2 ||    16
Dodge: Dodged            |    19 |     6 ||    25
